| TOP OF THE 1ST |
|
Atlanta (MID) Braves batting - Pitching for Great Lakes Loons : LHP Terry LaPlante
|
|
Pitching: LHP Terry LaPlante
|
|
|
Batting: RHB Toki Takeuchi
|
0-0: Ball 1-0: Foul Ball, location: 2F 1-1: Foul Ball, location: 2F 1-2: Foul Ball, location: 2F 1-2: Ball 2-2: Foul Ball, location: 2F 2-2: Ball 3-2: Strikes out swinging
|
|
Batting: RHB George Provance
|
0-0: Called Strike 0-1: Ball 1-1: Swinging Strike 1-2: Strikes out swinging
|
|
Batting: SHB Richello Badua
|
0-0: Called Strike 0-1: SINGLE (Flyball, 8LS, EV 91.2 MPH)
|
|
Batting: RHB Josh McCormick
|
0-0: Swinging Strike 0-1: Fly out, F4 (Popup, 4M, EV 70.6 MPH)
|
| Top of the 1st over - 0 runs, 1 hit, 0 errors, 1 left on base; Atlanta (MID) 0 - Great Lakes 0 |
| BOTTOM OF THE 1ST |
|
Great Lakes Loons batting - Pitching for Atlanta (MID) Braves : RHP Rashid bin Ala'
|
|
Pitching: RHP Rashid bin Ala'
|
|
|
Batting: LHB Nate Kee
|
0-0: Ball 1-0: Foul Ball, location: 2F 1-1: DOUBLE (Line Drive, 7LM, EV 95.6 MPH)
|
|
Batting: LHB Tore Bosch
|
0-0: Ball 1-0: Called Strike 1-1: SINGLE (Groundball, 4MD, EV 104.4 MPH) Nate Kee to third
|
|
Batting: LHB Jesus Ramirez
|
0-0: Ball 1-0: SINGLE (Groundball, 34D, EV 110.0 MPH) Nate Kee scores Tore Bosch to second Runner from 2nd tries for 3rd, SAFE, throw by RF made to third
|
|
Batting: SHB Xavier Alaniz
|
0-0: Ball 1-0: Called Strike 1-1: Ball 2-1: Fly out, F9 (Line Drive, 89S, EV 88.1 MPH)
|
|
Batting: RHB Javier Solis
|
0-0: Ball 1-0: Ball 2-0: Foul Ball, location: 2F 2-1: Fly out, F8 (Flyball, 8RM, EV 74.4 MPH) Runner from 3rd tags up, SCORES, throw by CF
|
|
Batting: LHB Jim Jardine
|
0-0: Ball 1-0: SINGLE (Groundball, 56D, EV 101.9 MPH) Jesus Ramirez to second
|
|
Batting: RHB Jason Baldwin
|
0-0: Fly out, F9 (Line Drive, 9D, EV 105.0 MPH)
|
| Bottom of the 1st over - 2 runs, 4 hits, 0 errors, 2 left on base; Atlanta (MID) 0 - Great Lakes 2 |
| TOP OF THE 2ND |
|
Atlanta (MID) Braves batting - Pitching for Great Lakes Loons : LHP Terry LaPlante
|
|
Batting: RHB Zheng-ze King
|
0-0: Called Strike 0-1: Called Strike 0-2: Ball 1-2: Strikes out looking
|
|
Batting: RHB Nick Holsinger
|
0-0: Foul Ball, location: 2F 0-1: Foul Ball, location: 2F 0-2: Ball 1-2: Ball 2-2: Ground out 6-3 (Groundball, 6, EV 86.9 MPH)
|
|
Batting: RHB Gerard Michel
|
0-0: Ball 1-0: Called Strike 1-1: Fly out, F8 (Flyball, 8RD, EV 75.6 MPH)
|
| Top of the 2nd over - 0 runs, 0 hits, 0 errors, 0 left on base; Atlanta (MID) 0 - Great Lakes 2 |
| BOTTOM OF THE 2ND |
|
Great Lakes Loons batting - Pitching for Atlanta (MID) Braves : RHP Rashid bin Ala'
|
|
Batting: RHB Trevor Conklin
|
0-0: Ball 1-0: Ball 2-0: Swinging Strike 2-1: Foul Ball, location: 2F 2-2: Ball 3-2: Ground out 3-1 (Groundball, 34S, EV 78.1 MPH)
|
|
Batting: RHB Ruben Serrata
|
0-0: SINGLE (Groundball, 5S, EV 66.2 MPH) (infield hit)
|
|
Batting: LHB Nate Kee
|
0-0: Ball Ruben Serrata steals 2nd base (no throw) 1-0: Called Strike Ruben Serrata steals 3rd base 1-1: Ball 2-1: Ball 3-1: Foul Ball, location: 2F 3-2: Foul Ball, location: 2F 3-2: Ground out 6-3 (Groundball, 4MS, EV 66.2 MPH) Ruben Serrata scores
|
|
Batting: LHB Tore Bosch
|
0-0: Ball 1-0: Ball 2-0: Ball 3-0: Called Strike 3-1: Called Strike 3-2: Ground out U3 (Groundball, 3, EV 81.2 MPH)
|
| Bottom of the 2nd over - 1 run, 1 hit, 0 errors, 0 left on base; Atlanta (MID) 0 - Great Lakes 3 |
| TOP OF THE 3RD |
|
Atlanta (MID) Braves batting - Pitching for Great Lakes Loons : LHP Terry LaPlante
|
|
Batting: RHB Terry Hughes
|
0-0: Ball 1-0: Ball 2-0: Ball 3-0: Called Strike 3-1: Ground out 6-3 (Groundball, 6S, EV 70.0 MPH)
|
|
Batting: LHB Joe Phillips
|
0-0: Ball 1-0: Called Strike 1-1: Ball 2-1: SINGLE (Groundball, 56D, EV 101.2 MPH)
|
|
Batting: RHB Toki Takeuchi
|
0-0: Called Strike 0-1: Fielders Choice at 2nd, 6-4 (Groundball, 6, EV 80.0 MPH)
|
|
Batting: RHB George Provance
|
0-0: Called Strike Toki Takeuchi steals 2nd base (no throw) 0-1: Foul Ball, location: 2F 0-2: Ball 1-2: Strikes out swinging
|
| Top of the 3rd over - 0 runs, 1 hit, 0 errors, 1 left on base; Atlanta (MID) 0 - Great Lakes 3 |
| BOTTOM OF THE 3RD |
|
Great Lakes Loons batting - Pitching for Atlanta (MID) Braves : RHP Rashid bin Ala'
|
|
Batting: LHB Jesus Ramirez
|
0-0: Ball 1-0: Ball 2-0: Fly out, F8 (Flyball, 89M, EV 96.9 MPH)
|
|
Batting: SHB Xavier Alaniz
|
0-0: Ball 1-0: Ball 2-0: Called Strike 2-1: Fly out, F8 (Flyball, 8RXD, EV 95.6 MPH)
|
|
Batting: RHB Javier Solis
|
0-0: Swinging Strike 0-1: Ball 1-1: Ball 2-1: Foul Ball, location: 2F 2-2: SINGLE (Groundball, 6MD, EV 101.2 MPH)
|
|
Batting: LHB Jim Jardine
|
0-0: Ground out U3 (Groundball, 3, EV 93.1 MPH)
|
| Bottom of the 3rd over - 0 runs, 1 hit, 0 errors, 1 left on base; Atlanta (MID) 0 - Great Lakes 3 |
| TOP OF THE 4TH |
|
Atlanta (MID) Braves batting - Pitching for Great Lakes Loons : LHP Terry LaPlante
|
|
Batting: SHB Richello Badua
|
0-0: Foul Ball, location: 2F 0-1: Swinging Strike 0-2: Ball 1-2: Fly out, F7 (Flyball, 7S, EV 78.1 MPH)
|
|
Batting: RHB Josh McCormick
|
0-0: Called Strike 0-1: Called Strike 0-2: Ground out 6-3 (Groundball, 6, EV 107.5 MPH)
|
|
Batting: RHB Zheng-ze King
|
0-0: Ball 1-0: Foul Ball, location: 2F 1-1: Called Strike 1-2: Foul Ball, location: 2F 1-2: Ball 2-2: Fly out, F9 (Flyball, 9LD, EV 104.4 MPH)
|
| Top of the 4th over - 0 runs, 0 hits, 0 errors, 0 left on base; Atlanta (MID) 0 - Great Lakes 3 |
| BOTTOM OF THE 4TH |
|
Great Lakes Loons batting - Pitching for Atlanta (MID) Braves : RHP Rashid bin Ala'
|
|
Batting: RHB Jason Baldwin
|
0-0: Called Strike 0-1: Foul Ball, location: 2F 0-2: Foul Ball, location: 2F 0-2: Foul Ball, location: 2F 0-2: Strikes out swinging
|
|
Batting: RHB Trevor Conklin
|
0-0: Ball 1-0: Swinging Strike 1-1: Called Strike 1-2: Ground out 5-3 (Groundball, 56, EV 101.2 MPH)
|
|
Batting: RHB Ruben Serrata
|
0-0: Ball 1-0: Called Strike 1-1: Called Strike 1-2: Ball 2-2: Ground out 6-3 (Groundball, 6, EV 101.9 MPH)
|
| Bottom of the 4th over - 0 runs, 0 hits, 0 errors, 0 left on base; Atlanta (MID) 0 - Great Lakes 3 |
| TOP OF THE 5TH |
|
Atlanta (MID) Braves batting - Pitching for Great Lakes Loons : LHP Terry LaPlante
|
|
Batting: RHB Nick Holsinger
|
0-0: Foul Ball, location: 2F 0-1: Foul Ball, location: 2F 0-2: Foul Ball, location: 2F 0-2: Ball 1-2: Ball 2-2: Fly out, F3 (Popup, 3SF, EV 72.5 MPH)
|
|
Batting: RHB Gerard Michel
|
0-0: Ball 1-0: Foul Ball, location: 2F 1-1: Ball 2-1: Ball 3-1: Fly out, F9 (Flyball, 9S, EV 86.9 MPH)
|
|
Batting: RHB Terry Hughes
|
0-0: Ball 1-0: Swinging Strike 1-1: Foul Ball, location: 2F 1-2: Foul Ball, location: 2F 1-2: Ball 2-2: Ground out 6-3 (Groundball, 6, EV 78.1 MPH)
|
| Top of the 5th over - 0 runs, 0 hits, 0 errors, 0 left on base; Atlanta (MID) 0 - Great Lakes 3 |
| BOTTOM OF THE 5TH |
|
Great Lakes Loons batting - Pitching for Atlanta (MID) Braves : RHP Rashid bin Ala'
|
|
Batting: LHB Nate Kee
|
0-0: Called Strike 0-1: Ball 1-1: Fly out, F8 (Flyball, 8LD, EV 91.2 MPH)
|
|
Batting: LHB Tore Bosch
|
0-0: Ball 1-0: Ground out 4-3 (Groundball, 4, EV 78.8 MPH)
|
|
Batting: LHB Jesus Ramirez
|
0-0: Fly out, F7 (Flyball, 7LM, EV 78.1 MPH)
|
| Bottom of the 5th over - 0 runs, 0 hits, 0 errors, 0 left on base; Atlanta (MID) 0 - Great Lakes 3 |
| TOP OF THE 6TH |
|
Atlanta (MID) Braves batting - Pitching for Great Lakes Loons : LHP Terry LaPlante
|
|
Batting: LHB Joe Phillips
|
0-0: Called Strike 0-1: Ball 1-1: Swinging Strike 1-2: Ball 2-2: Ball 3-2: Base on Balls
|
|
Batting: RHB Toki Takeuchi
|
0-0: Ball 1-0: Called Strike 1-1: DOUBLE (Flyball, 8LXD, EV 101.2 MPH) Joe Phillips to third
|
|
Batting: RHB George Provance
|
0-0: Fly out, F2 (Popup, 25F, EV 89.4 MPH)
|
|
Batting: SHB Richello Badua
|
0-0: Called Strike 0-1: Ball 1-1: Swinging Strike 1-2: Foul Ball, location: 2F 1-2: Ball 2-2: Ball 3-2: Ground out 1-3 (Groundball, 15S, EV 71.2 MPH)
|
|
Batting: RHB Josh McCormick
|
0-0: Called Strike 0-1: Ball 1-1: Swinging Strike 1-2: Ball 2-2: Ball 3-2: Base on Balls
|
|
Batting: RHB Zheng-ze King
|
0-0: Ball 1-0: Ground out 4-3 (Groundball, 4, EV 88.1 MPH)
|
| Top of the 6th over - 0 runs, 1 hit, 0 errors, 3 left on base; Atlanta (MID) 0 - Great Lakes 3 |
| BOTTOM OF THE 6TH |
|
Great Lakes Loons batting - Pitching for Atlanta (MID) Braves : RHP Rashid bin Ala'
|
|
Batting: SHB Xavier Alaniz
|
0-0: Ball 1-0: Ground out U3 (Groundball, 3L, EV 107.5 MPH)
|
|
Batting: RHB Javier Solis
|
0-0: Ball 1-0: Called Strike 1-1: Ball 2-1: Ball 3-1: Fly out, F8 (Flyball, 8LD, EV 89.4 MPH)
|
|
Batting: LHB Jim Jardine
|
0-0: Ball 1-0: Called Strike 1-1: Ball 2-1: Called Strike 2-2: Ground out U3 (Groundball, 3S, EV 73.8 MPH)
|
| Bottom of the 6th over - 0 runs, 0 hits, 0 errors, 0 left on base; Atlanta (MID) 0 - Great Lakes 3 |
| TOP OF THE 7TH |
|
Atlanta (MID) Braves batting - Pitching for Great Lakes Loons : LHP Terry LaPlante
|
|
Batting: RHB Nick Holsinger
|
0-0: Ball 1-0: Ground out 2-3 (Groundball, 2R, EV 68.1 MPH)
|
|
Batting: RHB Gerard Michel
|
0-0: Ball 1-0: Called Strike 1-1: Swinging Strike 1-2: Strikes out swinging
|
|
Batting: RHB Terry Hughes
|
0-0: Ground out 6-3 (Groundball, 6, EV 90.0 MPH)
|
| Top of the 7th over - 0 runs, 0 hits, 0 errors, 0 left on base; Atlanta (MID) 0 - Great Lakes 3 |
| BOTTOM OF THE 7TH |
|
Great Lakes Loons batting - Pitching for Atlanta (MID) Braves : RHP Rashid bin Ala'
|
|
Batting: RHB Jason Baldwin
|
0-0: Called Strike 0-1: Called Strike 0-2: Ball 1-2: Ball 2-2: Foul Ball, location: 2F 2-2: Ball 3-2: Foul Ball, location: 2F 3-2: Fly out, F8 (Flyball, 8LD, EV 109.4 MPH)
|
|
Batting: RHB Trevor Conklin
|
0-0: Foul Ball, location: 2F 0-1: Ground out 1-3 (Groundball, 13S, EV 75.6 MPH)
|
|
Batting: RHB Ruben Serrata
|
0-0: Called Strike 0-1: Ball 1-1: Foul Ball, location: 2F 1-2: Foul Ball, location: 2F 1-2: Ball 2-2: Foul Ball, location: 2F 2-2: Ball 3-2: SINGLE (Groundball, 6M, EV 95.0 MPH) (infield hit)
|
|
Batting: LHB Nate Kee
|
0-0: Ball 1-0: Swinging Strike 1-1: Called Strike 1-2: Strikes out swinging
|
| Bottom of the 7th over - 0 runs, 1 hit, 0 errors, 1 left on base; Atlanta (MID) 0 - Great Lakes 3 |
| TOP OF THE 8TH |
|
Atlanta (MID) Braves batting - Pitching for Great Lakes Loons : LHP Terry LaPlante
|
|
Now in LF: Justin Curran
|
|
|
Batting: LHB Joe Phillips
|
0-0: Ball 1-0: Ball 2-0: Foul Ball, location: 2F 2-1: Swinging Strike 2-2: Ball 3-2: Strikes out swinging
|
|
Batting: RHB Toki Takeuchi
|
0-0: Called Strike 0-1: Foul Ball, location: 2F 0-2: Ball 1-2: Ball 2-2: Ball 3-2: Ground out 5-3 (Groundball, 56S, EV 68.8 MPH)
|
|
Batting: RHB George Provance
|
0-0: Foul Ball, location: 2F 0-1: Ball 1-1: Ball 2-1: Ground out 6-3 (Groundball, 6, EV 83.1 MPH)
|
| Top of the 8th over - 0 runs, 0 hits, 0 errors, 0 left on base; Atlanta (MID) 0 - Great Lakes 3 |
| BOTTOM OF THE 8TH |
|
Great Lakes Loons batting - Pitching for Atlanta (MID) Braves : RHP Rashid bin Ala'
|
|
Pitching: RHP Jessie Mattei
|
|
|
Batting: LHB Tore Bosch
|
0-0: Ball 1-0: Ball 2-0: SINGLE (Line Drive, 7S, EV 93.8 MPH)
|
|
Batting: LHB Jesus Ramirez
|
0-0: Called Strike 0-1: Foul Ball, location: 2F 0-2: Ball 1-2: Strikes out swinging
|
|
Batting: SHB Xavier Alaniz
|
0-0: Foul Ball, location: 2F 0-1: Swinging Strike 0-2: Ball 1-2: Foul Ball, location: 2F 1-2: Ground out 4-3 (Groundball, 34, EV 103.8 MPH) Tore Bosch to second
|
|
Batting: RHB Javier Solis
|
0-0: Swinging Strike 0-1: Ball 1-1: Foul Ball, location: 2F 1-2: Foul Ball, location: 2F 1-2: Ball 2-2: Ball 3-2: Base on Balls
|
|
Batting: LHB Jim Jardine
|
0-0: Ball 1-0: Ball 2-0: Ground out 6-3 (Groundball, P, EV 86.9 MPH)
|
| Bottom of the 8th over - 0 runs, 1 hit, 0 errors, 2 left on base; Atlanta (MID) 0 - Great Lakes 3 |
| TOP OF THE 9TH |
|
Atlanta (MID) Braves batting - Pitching for Great Lakes Loons : LHP Terry LaPlante
|
|
Pitching: RHP Matt Hager
|
|
|
Batting: SHB Richello Badua
|
0-0: Ground out 5-3 (Groundball, 5, EV 110.6 MPH)
|
|
Batting: RHB Josh McCormick
|
0-0: Ball 1-0: Foul Ball, location: 2F 1-1: Ground out 4-3 (Groundball, 4M, EV 86.2 MPH)
|
|
Batting: RHB Zheng-ze King
|
0-0: Called Strike 0-1: Called Strike 0-2: Foul Ball, location: 2F 0-2: Ball 1-2: Ball 2-2: Ball 3-2: Foul Ball, location: 2F 3-2: Fly out, F4 (Popup, 34, EV 59.4 MPH)
|
| Top of the 9th over - 0 runs, 0 hits, 0 errors, 0 left on base; Atlanta (MID) 0 - Great Lakes 3 |
|